 Dungeon Crawl Stone Soup version 0.25-a0-471-g78e40d7af6 (webtiles) character file.

Game seed: 7311154253201687983, levelgen mode: deterministic

506 Eurus the Magician (level 6, 0/47 HPs)
             Began as a Mummy Conjurer on Feb 6, 2020.
             Slain by an ogre
             ... wielding a +0 giant club
              (24 damage)
             ... on level 5 of the Dungeon.
             The game lasted 00:11:26 (5766 turns).

Eurus the Magician (Mummy Conjurer)                 Turns: 5766, Time: 00:11:27

Health: 0/47       AC:  6    Str: 11    XL:     6   Next: 97%
Magic:  10/13      EV: 12    Int: 17    God:
Gold:   245        SH:  0    Dex: 12    Spells: 12/15 levels left

rFire    x . .     SeeInvis .   o - +3 quarterstaff (chaos)
rCold    + . .     Gourm    .   (shield currently unavailable)
rNeg     + + +     Faith    .   a - +0 robe
rPois    ∞         Spirit   .   (no helmet)
rElec    .         Reflect  .   p - +2 cloak {+Inv}
rCorr    .         Harm     .   g - +0 pair of gloves (curse)
MR       .....                  (no boots)
Stlth    ++........             (no amulet)
HPRegen  0.15/turn              (no ring)
MPRegen  0.13/turn              (no ring)

@: no status effects
A: no food or potions, fire vulnerability, cold resistance 1, negative energy
resistance 3, torment resistance, unbreathing
a: Evoke Invisibility


You were on level 5 of the Dungeon.
You were not hungry.

You visited 1 branch of the dungeon, and saw 5 of its levels.

You collected 245 gold pieces.

Inventory:

Hand Weapons
 o - a +3 quarterstaff of chaos (weapon)
Armour
 a - a +0 robe (worn)
 c - a +0 cloak
 d - a +0 buckler
 g - a cursed +0 pair of gloves (worn)
 p - a +2 cloak of invisibility (worn)
Jewellery
 l - an uncursed amulet of faith
Wands
 b - a wand of acid (10)
 h - a wand of paralysis (7)
Scrolls
 e - 3 scrolls of remove curse {unknown}
 f - a scroll of fear {unknown}
 i - 2 scrolls of teleportation {unknown}
 j - a scroll of magic mapping {unknown}
 k - 3 scrolls of identify {unknown}
 m - a scroll of enchant armour {unknown}
 n - a scroll of amnesia {unknown}


   Skills:
 + Level 3.5 Fighting
 - Level 1.5 Dodging
 - Level 1.5 Stealth
 + Level 2.4 Shields
 + Level 5.2 Spellcasting
 + Level 4.5 Conjurations


You had 12 spell levels left.
You knew the following spells:

 Your Spells              Type           Power        Failure   Level  Hunger
a - Magic Dart            Conj           ###.         2%          1    N/A
b - Searing Ray           Conj           ###...       3%          2    N/A

Your spell library contained the following spells:

 Spells                   Type           Power        Failure   Level  Hunger
 Dazzling Flash           Conj/Hex       ##....       17%         3    N/A
 Fulminant Prism          Conj/Hex       ##........   50%         4    N/A
 Iskenderun's Mystic Bla  Conj/Tloc      ##......     50%         4    N/A

Dungeon Overview and Level Annotations

Branches:
Dungeon (5/15)
 Temple: D:4-7

Altars:
Cheibriados
Fedhas
Kikubaaqudgha
The Shining One

Annotations:
D:3 Purgy


Innate Abilities, Weirdness & Mutations

You do not eat or drink.
Your flesh is vulnerable to fire.
You are immune to poison.
Your flesh is cold resistant. (rC+)
You are immune to negative energy. (rN+++)
You are immune to unholy pain and torment.
You can survive without breathing.


Message History

There is an open door here.
Found a short bone wand and 13 gold pieces.
b - a wand of acid (10)
You now have 245 gold pieces (gained 13).
An ogre comes into view. It is wielding a +0 giant club.
The ogre shouts!
Casting: Searing Ray (safe; 3% risk of failure)
Confirm with . or Enter, or press ? or * to list all spells.
Aiming: Searing Ray (safe; 3% risk of failure)
Press: ? - help, Shift-Dir - straight line, f - ogre
Aim: an ogre, wielding a +0 giant club The searing ray hits the ogre!
The ogre is moderately wounded. (Press . to maintain the ray.)
The ogre hits you with a +0 giant club!!
The searing ray hits the ogre!
The ogre is heavily wounded.
The ogre hits you with a +0 giant club!!
Ouch! That really hurt!
You die...

#.....###.# ..#
#.....#...######
#.#
#######.#......#
#.#......####.#
# #...........
#.......##
#.......##
#####....#
#@#### #O# ..#
####


You could see an ogre.

Vanquished Creatures
  A howler monkey (D:4)
  A hound (D:5)
  Crazy Yiuf (D:4)
  An orc priest (D:4)
  Jessica (D:3)
  Natasha (thrice) (D:3)
  Terence (D:3)
  3 orc wizards
  A worker ant (D:4)
  3 gnolls
  2 adders
  An ooze (D:2)
  4 worms
  2 dart slugs
  A leopard gecko (D:3)
  12 orcs
  10 bats
  4 giant cockroaches
  6 goblins
  7 hobgoblins
  8 kobolds
  A quokka (D:2)
  A ball python (D:1)
  3 frilled lizards
  6 rats
84 creatures vanquished.

Notes
Turn   | Place    | Note
-------+----------+-------------------------------------------
     0 | D:1      | Eurus the Mummy Conjurer began the quest for the Orb.
     0 | D:1      | Reached XP level 1. HP: 13/13 MP: 4/4
   289 | D:1      | Reached skill level 3 in Spellcasting
   290 | D:1      | Reached XP level 2. HP: 20/20 MP: 1/6
   294 | D:1      | Learned a level 2 spell: Searing Ray
   311 | D:1      | Reached skill level 1 in Fighting
  1194 | D:1      | Reached XP level 3. HP: 24/26 MP: 7/7
  1530 | D:2      | Found a glowing golden altar of the Shining One.
  2095 | D:2      | Found a faded altar of an unknown god.
  2186 | D:3      | Noticed Purgy
  2374 | D:3      | Reached XP level 4. HP: 24/33 MP: 5/9
  2510 | D:3      | Noticed Jessica
  2515 | D:3      | Noticed Natasha
  2532 | D:3      | Killed Natasha
  2532 | D:3      | Reached skill level 1 in Shields
  2532 | D:3      | Reached skill level 4 in Spellcasting
  2619 | D:3      | Killed Jessica
  2619 | D:3      | Reached XP level 5. HP: 39/39 MP: 5/11
  3149 | D:3      | Noticed Natasha
  3156 | D:3      | Killed Natasha
  3213 | D:3      | Noticed Terence
  3228 | D:3      | Killed Terence
  3340 | D:3      | Reached XP level 6. HP: 36/46 MP: 8/12
  3644 | D:3      | Noticed Natasha
  3652 | D:3      | Killed Natasha
  3771 | D:3      | Found an ancient bone altar of Kikubaaqudgha.
  3773 | D:3      | Found a blossoming altar of Fedhas.
  4424 | D:4      | Found a snail-covered altar of Cheibriados.
  4639 | D:4      | Reached skill level 5 in Spellcasting
  4981 | D:4      | Found a runed translucent door.
  4982 | D:4      | Noticed Crazy Yiuf
  5612 | D:4      | Killed Crazy Yiuf
  5674 | D:5      | Entered Level 5 of the Dungeon
  5766 | D:5      | Slain by an ogre

Levels and vault maps discovered:
D:1:      dpeg_cavernosity, layout_basic
D:2:      layout_rooms, tso_metal_star, chequers_ecumenical_altar_lobes
D:3:      layout_basic, grunt_temple_overflow_growth_and_decay, uniq_natasha,
          uniq_purgy, uniq_terence, uniq_jessica
D:4:      layout_layer_cave, lemuel_crystal_altar,
          eino_small_chamber_without_monster, uniq_crazy_yiuf_cottage
D:5:      layout_basic, nicolae_qazlal_style_of_elements, kennysheep_little_box,
          serial_shops, shop, first_ration

Skill      XL: |  1  2  3  4  5  6 |
---------------+-------------------+-----
Spellcasting   | 3 4 5 |  5.2
Fighting       | 1 2 3 |  3.5
Shields        | 1 2 |  2.4
Conjurations   | 4 |  4.5
Dodging        | |  1.5
Stealth        | |  1.5

Action                   |  1- 3 |  4- 6 || total
-------------------------+-------+-------++-------
Melee: Unarmed           |     1 |       ||     1
       Dagger            |    37 |    19 ||    56
       Quarterstaff      |       |     3 ||     3
 Cast: Magic Dart        |    53 |    34 ||    87
       Searing Ray       |     5 |    27 ||    32
 Stab: Sleeping          |     2 |       ||     2
Armor: Robe              |     7 |     9 ||    16
Dodge: Dodged            |    31 |    16 ||    47

Table legend:
 A = Non-vault XP
 B = Vault XP
 C = Vault XP percentage of total XP
 D = Non-vault monster count
 E = Vault monster count
 F = Vault count percentage of total count
                 A         B        C        D         E       F
            +---------+---------+-------+---------+---------+-------
      Total |     567 |     157 |  21.7 |      76 |       8 |   9.5
            +---------+---------+-------+---------+---------+-------
        D:1 |      36 |       7 |  16.3 |      19 |       4 |  17.4
        D:2 |      94 |       0 |   0.0 |      21 |       0 |   0.0
        D:3 |     187 |     109 |  36.8 |      21 |       3 |  12.5
        D:4 |     200 |      41 |  17.0 |      13 |       1 |   7.1
        D:5 |      50 |       0 |   0.0 |       2 |       0 |   0.0
            +---------+---------+-------+---------+---------+-------
